 Dungeon Crawl Stone Soup version 0.24.0-37-gcf1ca852f1 (webtiles) character file.

Game seed: 16099067527568406450, levelgen mode: deterministic

11930 Mesmaeker13 the Destroyer (level 11, -5/66 HPs)
             Began as a Yellow Draconian Conjurer on Nov 27, 2019.
             Was a Believer of Hepliaklqana.
             Slain by a wolf (10 damage)
             ... on level 3 of the Lair of Beasts.
             The game lasted 00:24:10 (15065 turns).

Mesmaeker13 the Destroyer (DrCj)                   Turns: 15065, Time: 00:24:11

Health: -5/66      AC: 13    Str: 11    XL:     11   Next: 55%
Magic:  10/26      EV: 17    Int: 19    God:    Hepliaklqana [**....]
Gold:   783        SH:  2    Dex: 11    Spells: 5/18 levels left

rFire    . . .     SeeInvis .   E - +1 scimitar (flame)
rCold    . . .     Gourm    .   (no shield)
rNeg     + . .     Faith    .   (armour unavailable)
rPois    +         Spirit   .   (helmet restricted)
rElec    .         Reflect  +   L - +2 cloak {rPois}
rCorr    +         Harm     .   v - +2 pair of gloves
MR       .....                  (no boots)
Stlth    ++........             e - +2 amulet of reflection
HPRegen  0.21/turn              q - ring of positive energy
MPRegen  0.20/turn              p - ring of magical power

@: no status effects
A: spit acid, unfitting armour, reduced essence, cold-blooded, acid resistance,
AC +7
a: Breathe Acid, Recall Ancestor, Ancestor Identity, Renounce Religion


You were on level 3 of the Lair of Beasts.
You worshipped Hepliaklqana.
Hepliaklqana was pleased with you.
You were not hungry.

You visited 3 branches of the dungeon, and saw 14 of its levels.
You also visited: Bailey.

You collected 951 gold pieces.
You spent 168 gold pieces at shops.

Inventory:

Hand Weapons
 z - a +0 dagger of electrocution
 E - a +1 scimitar of flaming (weapon)
Missiles
 f - 37 poisoned darts
 J - 2 curare-tipped darts (quivered)
Armour
 v - a +2 pair of gloves (worn)
 L - a +2 cloak of poison resistance (worn)
Magical Staves
 c - an uncursed staff of cold
 w - an uncursed staff of power
Jewellery
 e - a +2 amulet of reflection (around neck)
 p - a ring of magical power (right hand)
 q - a ring of positive energy (left hand)
 y - an uncursed amulet of regeneration
 F - an uncursed ring of protection from magic
Scrolls
 a - 2 scrolls of amnesia {unknown}
 h - a scroll of enchant armour
 j - 2 scrolls of blinking {unknown}
 l - 7 scrolls of teleportation
 u - a scroll of magic mapping
 x - 2 scrolls of remove curse
 A - a scroll of immolation {unknown}
 D - a scroll of fog
 I - a scroll of vulnerability {unknown}
 K - a scroll of acquirement {unknown}
Potions
 d - 3 potions of cancellation
 g - 3 potions of might
 i - 2 potions of agility
 k - a potion of brilliance {unknown}
 m - 3 potions of berserk rage
 o - a potion of resistance
 t - 2 potions of degeneration {unknown}
 C - 3 potions of curing
 G - a potion of magic {unknown}
 H - 2 potions of heal wounds
Miscellaneous
 s - a sack of spiders
Comestibles
 b - 14 rations
 n - 2 chunks of flesh


   Skills:
 + Level 10.1 Dodging
 - Level 1.7 Stealth
 - Level 4.1 Spellcasting
 + Level 11.3 Conjurations
 - Level 7.3 Hexes
 - Level 3.2 Air Magic
 + Level 4.4 Poison Magic


You had 5 spell levels left.
You knew the following spells:

 Your Spells              Type           Power        Failure   Level  Hunger
a - Magic Dart            Conj           ####         1%          1    None
b - Searing Ray           Conj           #####.       1%          2    ##.....
c - Dazzling Spray        Conj/Hex       #####.       1%          3    ###....
d - Fulminant Prism       Conj/Hex       #####.....   3%          4    ####...
e - Mephitic Cloud        Conj/Pois/Air  ####....     3%          3    ###....

Your spell library contained the following spells:

 Spells                   Type           Power        Failure   Level  Hunger
 Confusing Touch          Hex            ####..       1%          1    None
 Sting                    Conj/Pois      ####         1%          1    None
 Iskenderun's Mystic Bla  Conj           #####...     1%          4    ####...
 Poisonous Vapours        Pois/Air       ###...       4%          2    ##.....
 Conjure Flame            Conj/Fire      ####....     4%          3    ###....
 Force Lance              Conj/Tloc      ####....     13%         4    ####...
 Animate Skeleton         Necr           N/A          14%         1    None
 Apportation              Tloc           #.....       14%         1    None
 Summon Butterflies       Summ           #.......     14%         1    None
 Summon Small Mammal      Summ           #...         14%         1    None
 Venom Bolt               Conj/Pois      ####......   14%         5    ######.
 Olgreb's Toxic Radiance  Pois           ###.....     22%         4    ####...
 Call Canine Familiar     Summ           #.......     38%         3    ###....
 Summon Mana Viper        Hex/Summ       ###.....     63%         5    ######.
 Summon Ice Beast         Ice/Summ       #.......     80%         4    ####...
 Freezing Cloud           Conj/Ice/Air   ###.......   96%         6    #######
 Ring of Flames           Chrm/Fire      #.........   100%        7    #######
 Summon Hydra             Summ           #.........   100%        7    #######


Dungeon Overview and Level Annotations

Branches:
Dungeon (10/15)            Temple (1/1) D:5            Lair (2/6) D:9
 Spider (0/4) Lair:3       Bailey (visited)
  Swamp: Lair:2-4    Shoals: Lair:2-4       Orc: D:9-12

Altars:
Ashenzari
Cheibriados
Dithmenos
Elyvilon
Fedhas
Gozag
Hepliaklqana
Kikubaaqudgha
Makhleb
Nemelex Xobeh
Okawaru
Qazlal
Ru
Sif Muna
Trog
Uskayaw
Vehumet
Wu Jian
Xom
Yredelemnul
Zin
The Shining One

Shops:
D:5 [

Annotations:
D:4 3 runed translucent doors, kaychamo's ghost, novice OgHu


Innate Abilities, Weirdness & Mutations

You can spit globs of acid.
Your golden yellow scales are hard. (AC +7)
You cannot fit into any form of body armour.
You are cold-blooded and may be slowed by cold attacks.
You are resistant to acid. (rCorr)
Your life essence is reduced to manifest your ancestor. (-10% HP)


Message History

The wolf is severely wounded.
The bullfrog hits you.
A wolf comes into view.
The wolf bites you.
* * * LOW HITPOINT WARNING * * *
The wolf misses you.
You riposte.
You barely miss the wolf. The wolf barely misses you.
You riposte.
You barely miss the wolf.
A wolf comes into view.
There is a stone staircase leading up here.
Unknown command.
The wolf bites you but does no damage. The wolf barely misses you.
The wolf bites you.
* * * LOW HITPOINT WARNING * * *
The wolf bites you.
* * * LOW HITPOINT WARNING * * *
The wolf bites you!
* * * LOW HITPOINT WARNING * * *
The wolf howls!
The wolf bites you!
You die...

,,,,,,,,,,,,* #...*#.....##,,,,,*
,,,,,,,,,,,,* *#..##.....P#**,,,,
,,,,,,,,,,,,* ##........### **,,,
,,,,,,,,,.,*###..##.....# **,,
,,,,,,,,,..##..#..P.....# ***
,,,,,,,,,........[P.....# *
**,,,**,,....h...F...#P.# **
*,,,,,,,,...##Plhh...#### *****,
*,,,,,,,,..#≈###@h...P.# **,,,,,
*,,,,,,,,§.#≈§≈#.h.....# **,,,,,,
*,,,,,,,,.§#≈≈≈#.......#**,*,,,,,
**,*,**,*§.≈§≈≈#......h.♣,*,,,,,,
********...≈≈≈.........[.,,,,,,,
*#.####≈....P..♣..,,,,,,,
#....§.§.###...,,,,,,,8,
#.##.#####*,...,,,,8,,,, ******
*,,,,*,,,,,,,,,,


You could see a komodo dragon, 6 wolves and a bullfrog.

Vanquished Creatures
  A two-headed ogre (D:9)
  Sonja (D:10)
  A black mamba (Lair:1)
  3 spiny frogs
  2 komodo dragons
  2 trolls
  5 yaks (Lair:1)
  A hungry ghost (D:10)
  Menkaure (D:7)
  A sky beast (D:6)
  3 orc warriors
  2 ice beasts
  A black bear (D:8)
  7 ogres
  2 wolves (Lair:3)
  2 centaurs
  2 crocodiles (Lair:1)
  A big kobold (D:9)
  8 bullfrogs
  A wyvern zombie (D:9)
  A water moccasin zombie (D:7)
  4 scorpions
  A water moccasin skeleton (D:8)
  6 killer bees (D:8)
  3 howler monkeys
  7 crimson imps
  2 bullfrog skeletons (D:6)
  6 hounds
  A quasit (D:7)
  2 orc priests
  2 jellies
  4 orc wizards
  A centaur skeleton (D:10)
  A knight (D:10)
  2 worker ants
  An iguana (D:4)
  7 gnolls
  12 adders
  3 shadow imps
  2 oozes
  2 adder skeletons
  2 worms
  2 dart slugs
  3 leopard geckos
  20 orcs
  2 ball pythons
  3 giant cockroaches
  6 goblins
  7 hobgoblins
  7 jackals
  23 kobolds
  4 quokkas
  12 bats
  7 frilled lizards
  A leopard gecko skeleton (D:4)
  5 rats
221 creatures vanquished.

Vanquished Creatures (collateral kills)
  Erica (D:9)
  An unseen horror (D:10)
  A cyclops (D:10)
  A spiny frog (Lair:2)
  5 yaks (Lair:1)
  A hungry ghost (D:7)
  2 water moccasins
  A necrophage (D:7)
  An ogre (D:7)
  A big kobold (D:10)
  A bullfrog (D:9)
  3 killer bees (D:8)
  A scorpion (D:10)
  A howler monkey (D:10)
  A crimson imp (D:10)
  An iguana (D:9)
  A worker ant (D:10)
  A howler monkey zombie (D:7)
  An adder (D:7)
  A leopard gecko (D:7)
  An orc (D:10)
  2 kobolds
  A butterfly (Lair:2)
  A fungus (Lair:1)
32 creatures vanquished.

Vanquished Creatures (others)
  A knight (Lair:3)
  5 ancestors
  26 fulminant prisms
  3 fungi (Lair:1)
  5 plants
40 creatures vanquished.

Grand Total: 293 creatures vanquished

Notes
Turn   | Place    | Note
-------+----------+-------------------------------------------
     0 | D:1      | Mesmaeker13 the Draconian Conjurer began the quest for the
                  | Orb.
     0 | D:1      | Reached XP level 1. HP: 14/14 MP: 3/3
   391 | D:1      | Reached XP level 2. HP: 20/20 MP: 0/5
  1222 | D:1      | Reached XP level 3. HP: 26/26 MP: 1/6
  1419 | D:2      | Learned a level 2 spell: Searing Ray
  1812 | D:2      | Reached XP level 4. HP: 33/33 MP: 3/8
  2047 | D:2      | Found a shimmering blue altar of Sif Muna.
  2602 | D:2      | Found a burning altar of Makhleb.
  2959 | D:3      | Learned a level 3 spell: Dazzling Spray
  2976 | D:3      | Reached XP level 5. HP: 38/38 MP: 4/9
  3198 | D:3      | Reached skill level 5 in Conjurations
  3500 | D:3      | Found a stormy altar of Qazlal.
  3836 | D:3      | Found a faded altar of an unknown god.
  4370 | D:4      | Reached XP level 6. HP: 45/45 MP: 4/11
  4970 | D:4      | Found a runed translucent gate.
  4970 | D:4      | Found a runed translucent gate.
  4970 | D:4      | Found a runed translucent gate.
  4970 | D:4      | Noticed kaychamo's ghost (novice OgHu)
  5612 | D:5      | Entered Level 5 of the Dungeon
  5618 | D:5      | Learned a level 4 spell: Fulminant Prism
  5821 | D:5      | Noticed an ice beast
  5837 | D:5      | Killed an ice beast
  5837 | D:5      | Reached skill level 1 in Hexes
  5837 | D:5      | Your scales start taking on a golden yellow colour.
  5837 | D:5      | Reached XP level 7. HP: 41/50 MP: 4/13
  5837 | D:5      | Gained mutation: You are resistant to acid. (rCorr) [Yellow
                  | Draconian growth]
  6012 | D:5      | Reached skill level 6 in Conjurations
  6148 | D:5      | Found a staircase to the Ecumenical Temple.
  6157 | Temple   | Entered the Ecumenical Temple
  6573 | D:5      | Found Diwnebb's Armour Shoppe.
  7343 | D:6      | Reached skill level 5 in Dodging
  7481 | D:6      | Reached XP level 8. HP: 57/57 MP: 14/14
  7954 | D:6      | Found a blossoming altar of Fedhas.
  7969 | D:6      | Found a hazy altar of Hepliaklqana.
  8215 | D:6      | Became a worshipper of Hepliaklqana the Forgotten
  8341 | D:7      | Reached skill level 7 in Conjurations
  8371 | D:5      | Bought a +0 pair of gloves for 58 gold pieces
  8451 | D:7      | Found a basalt altar of Yredelemnul.
  8507 | D:7      | Noticed Menkaure
  8516 | D:7      | Killed Menkaure
  8969 | D:7      | Reached XP level 9. HP: 52/55 MP: 15/15
  9310 | D:7      | Found a glowing golden altar of the Shining One.
  9386 | D:7      | Noticed an angel
  9612 | D:8      | Reached skill level 8 in Conjurations
  9696 | D:8      | Reached skill level 5 in Hexes
 10091 | D:8      | Reached * piety under Hepliaklqana
 10257 | D:8      | Found a radiant altar of Vehumet.
 10723 | D:9      | Noticed a two-headed ogre
 10728 | D:9      | Learned a level 3 spell: Mephitic Cloud
 10736 | D:9      | Killed a two-headed ogre
 10736 | D:9      | Reached skill level 9 in Conjurations
 10742 | D:9      | Reached XP level 10. HP: 57/62 MP: 14/16
 10787 | D:9      | Noticed Erica
 10806 | D:9      | Killed Erica
 10910 | D:9      | Found a flagged portal.
 11002 | Bailey   | Entered a bailey
 11565 | D:9      | Found a staircase to the Lair.
 11573 | D:9      | Reached ** piety under Hepliaklqana
 12173 | D:9      | Remembered your ancestor Beorhtric as a knight
 12425 | D:10     | Entered Level 10 of the Dungeon
 12435 | D:10     | Noticed Sonja
 12442 | D:10     | Reached skill level 10 in Conjurations
 12442 | D:10     | Reached skill level 1 in Air Magic
 12442 | D:10     | Noticed a cyclops
 12667 | D:10     | Killed Sonja
 12759 | D:10     | Found a glowing silver altar of Zin.
 12808 | D:10     | Killed an unseen horror
 13022 | D:10     | Killed a cyclops
 13022 | D:10     | Reached skill level 1 in Poison Magic
 13022 | D:10     | Reached XP level 11. HP: 61/66 MP: 17/17
 13153 | Lair:1   | Entered Level 1 of the Lair of Beasts
 14247 | Lair:1   | Reached skill level 11 in Conjurations
 14546 | D:5      | Bought a +0 cloak of poison resistance for 110 gold pieces
 14994 | Lair:2   | You fall into a shaft and drop 1 floor!
 15002 | Lair:3   | Reached skill level 10 in Dodging
 15065 | Lair:3   | Slain by a wolf

Levels and vault maps discovered:
D:1:      dpeg_arrival_tiny_i, layout_loops_corners
D:2:      kennysheep_big_flooded_room, layout_rooms, old_standard_altar,
          minmay_hexomino_r4
D:3:      layout_basic, chequers_ecumenical_altar_grove, minmay_misc_feat_cross,
          grunt_qazlal_sundering
D:4:      layout_loops_cross, gammafunk_ghost_nasty_kobolds, grunt_ministairs_1
D:5:      layout_basic, minmay_temple_entry_glassed_door, first_ration,
          serial_shops, shop
D:6:      layout_basic, kennysheep_little_box, kennysheep_mini
D:7:      layout_loops_ring, grunt_temple_overflow_holy_war, uniq_menkaure
D:8:      layout_basic, overflow_temple_1_default, grunt_ogre_cave
D:9:      layout_basic, lair_entry_dummy, enter_bailey_8, uniq_erica
D:10:     layout_rooms, basic_altar, uniq_sonja
Temple:   eino_temple_rhombus
Lair:1:   layout_roguey
Lair:2:   layout_cave_pods, lemuel_fruit_fields
Lair:3:   layout_gridlike, dummy_spider_entry, grunt_forest_large_clearings,
          grunt_megastairs_5, serial_bayou_shore_b

Skill      XL: |  1  2  3  4  5  6  7  8  9 10 11 |
---------------+----------------------------------+-----
Dodging        | 2 3 4 5 6 7 9 10 | 10.1
Spellcasting   | 3 4 |  4.1
Conjurations   | 5 6 7 9 10 11 | 11.3
Hexes          | 1 2 4 6 7 |  7.3
Air Magic      | 3 |  3.2
Poison Magic   | 1 4 |  4.4
Stealth        | |  1.7

Action                   |  1- 3 |  4- 6 |  7- 9 | 10-12 || total
-------------------------+-------+-------+-------+-------++-------
Melee: Unarmed           |    11 |       |       |       ||    11
       Tailslap          |     1 |       |     7 |    14 ||    22
       Spear             |       |     7 |     6 |       ||    13
       Dagger            |       |       |   119 |     9 ||   128
       Scimitar          |       |       |       |    91 ||    91
Throw: Dart              |     5 |     8 |     5 |     9 ||    27
       Throwing net      |       |       |     1 |     2 ||     3
 Cast: Magic Dart        |    50 |    79 |   109 |    34 ||   272
       Searing Ray       |     1 |    21 |    35 |    27 ||    84
       Fulminant Prism   |       |       |     5 |    21 ||    26
       Mephitic Cloud    |       |       |     1 |     2 ||     3
Invok: Ancestor Life: Kn |       |       |       |     1 ||     1
       Recall Ancestor   |       |       |       |     1 ||     1
 Abil: Breathe Acid      |       |       |     4 |     4 ||     8
Evoke: Wand              |       |       |     2 |     6 ||     8
       Sack of spiders   |       |       |       |     1 ||     1
  Use: Scroll            |       |     6 |     9 |     7 ||    22
       Potion            |       |     1 |     2 |     2 ||     5
 Stab: Sleeping          |       |       |     2 |     1 ||     3
       Paralysed         |       |       |       |    10 ||    10
  Eat: Chunk             |     3 |    12 |     6 |     7 ||    28
       Ration            |       |     1 |     3 |     4 ||     8
Armor: Skin              |     5 |    15 |    55 |    48 ||   123
Dodge: Dodged            |    10 |    51 |   176 |   170 ||   407
Block: Other             |       |       |       |     9 ||     9
       Rpst.: Scimitar   |       |       |       |    37 ||    37
